 Dungeon Crawl Stone Soup version 0.24.0-13-gcf9b3192b9 (webtiles) character file.

Game seed: 17456425883930888030, levelgen mode: deterministic

3005 Metae the Fighter (level 9, -23/90 HPs)
             Began as a Minotaur Fighter on Nov 6, 2019.
             Was a Follower of Qazlal.
             Annihilated by a two-headed ogre
             ... wielding a +0 dire flail of holy wrath
              (24 damage)
             ... on level 8 of the Dungeon.
             The game lasted 01:16:29 (8264 turns).

Metae the Fighter (Minotaur Fighter)                Turns: 8264, Time: 01:16:30

Health: -23/90     AC: 10    Str: 25    XL:     9   Next: 54%
Magic:  13/13      EV:  6    Int:  5    God:    Qazlal [*.....]
Gold:   350        SH: 11    Dex:  9    Spells: 8/8 levels left

rFire    x . .     SeeInvis .   a - +3 flail (crush)
rCold    + . .     Gourm    .   c - +0 shield
rNeg     . . .     Faith    .   l - +0 chain mail
rPois    .         Spirit   .   (helmet restricted)
rElec    .         Reflect  .   (no cloak)
rCorr    .         Harm     .   (no gloves)
MR       .....                  A - +0 pair of boots
Stlth    ..........             u - amulet of rage
HPRegen  0.25/turn              m - ring of ice
MPRegen  0.13/turn              (no ring)

@: studying Shields
A: retaliatory headbutt, horns 2
a: Renounce Religion, Evoke Berserk Rage


You were on level 8 of the Dungeon.
You worshipped Qazlal.
Qazlal was aware of your devotion.
You were not hungry.

You visited 1 branch of the dungeon, and saw 8 of its levels.

You collected 350 gold pieces.

Inventory:

Hand Weapons
 a - a +3 flail of crushing (weapon)
 b - a +2 hunting sling of freezing
 D - a +0 quarterstaff
 E - a +0 arbalest
 G - a +1 falchion of holy wrath
 J - a +0 hunting sling
 P - a +2 whip of freezing
Missiles
 h - 2 throwing nets (quivered)
 q - 166 stones
 r - 102 sling bullets
 L - 8 poisoned darts
 Q - 9 boomerangs
Armour
 c - a +0 shield (worn)
 l - a +0 chain mail (worn)
 p - a +0 scale mail
 A - a +0 pair of boots (worn)
 N - a +0 chain mail
Jewellery
 m - a ring of ice (left hand)
 u - an amulet of rage (around neck)
 y - an uncursed ring of flight
 I - a +3 ring of strength {unknown}
 K - an uncursed ring of teleportation
Wands
 t - a wand of acid (4)
 C - a wand of iceblast (7)
 M - a wand of random effects (19)
Scrolls
 j - a scroll of enchant weapon
 k - 2 scrolls of teleportation
 n - 4 scrolls of identify
 o - a scroll of fear
 x - 3 scrolls of remove curse
 z - a scroll of magic mapping {unknown}
Potions
 d - a potion of agility {unknown}
 e - a potion of lignification {unknown}
 g - a potion of brilliance {unknown}
 i - 3 potions of magic
 s - a potion of ambrosia {unknown}
 w - 2 potions of curing
 B - a potion of mutation {unknown}
 H - a potion of degeneration {unknown}
Books
 F - a manual of Shields
Comestibles
 f - 7 rations


   Skills:
 - Level 11.9 Fighting
 + Level 5.0 Maces & Flails
   Level 2.4 Polearms
 - Level 3.6 Armour
 - Level 3.6 Shields
 + Level 6.8 Invocations
 + Level 3.3 Evocations


You had 8 spell levels left.
You didn't know any spells.
Your spell library contained the following spells:

 Spells                   Type           Power        Failure   Level  Hunger
 Animate Skeleton         Necr           N/A          100%        1    ##.....
 Apportation              Tloc           #.....       100%        1    ##.....
 Confusing Touch          Hex            #.....       100%        1    ##.....
 Summon Small Mammal      Summ           #...         100%        1    ##.....


Dungeon Overview and Level Annotations

Branches:
Dungeon (8/15)             Temple (0/1) D:6
   Lair: D:8-11

Altars:
Cheibriados
Dithmenos
Elyvilon
Qazlal
Sif Muna

Shops:
D:5 *


Innate Abilities, Weirdness & Mutations

You reflexively headbutt those who attack you in melee.
You have a pair of horns on your head.


Message History

The two-headed ogre hits you with a +0 dire flail of holy wrath.
* * * LOW HITPOINT WARNING * * *
You block the two-headed ogre's attack.
You barely miss the two-headed ogre.
The two-headed ogre is severely wounded.
You block the two-headed ogre's attack.
The two-headed ogre hits you with a +0 giant spiked club.
* * * LOW HITPOINT WARNING * * *
You hit the two-headed ogre.
The two-headed ogre is severely wounded.
The two-headed ogre hits you with a +0 dire flail of holy wrath!
* * * LOW HITPOINT WARNING * * *
You block the two-headed ogre's attack.
You feel much better. You block the two-headed ogre's attack.
The two-headed ogre hits you with a +0 giant spiked club!!
* * * LOW HITPOINT WARNING * * *
Okay, then.
You block the two-headed ogre's attack.
The two-headed ogre hits you with a +0 giant spiked club!!
You die...

#....#.###.....
........).....
.............
>..........#
...........
.........#
.........#
.......#O#### .
.....###.@..##
... ..)#
###...#..# ..
#.<....# .
#........#
#............#
............##
............#
..............
...##..........


You could see a two-headed ogre.

Vanquished Creatures
  A manticore (D:7)
  Grinder (D:3)
  A hippogriff (D:7)
  Edmund (D:5)
  A water moccasin (D:5)
  3 sky beasts
  2 ice beasts
  2 phantoms (D:7)
  2 ogres (D:7)
  A water moccasin zombie (D:6)
  A scorpion (D:7)
  4 killer bees (D:6)
  A howler monkey (D:5)
  A crimson imp (D:5)
  A centaur zombie (D:7)
  3 hounds
  A bullfrog zombie (D:7)
  2 jellies (D:7)
  2 bullfrog skeletons
  An orc priest (D:6)
  4 orc wizards
  2 iguanas
  6 worker ants
  A worker ant zombie (D:6)
  3 gnolls (D:2)
  10 adders
  An ooze (D:5)
  3 adder skeletons
  3 worms
  7 leopard geckos
  12 orcs
  2 ball pythons (D:2)
  5 giant cockroaches
  7 goblins
  8 hobgoblins
  9 jackals
  4 quokkas
  5 bats
  4 frilled lizards
  A giant cockroach zombie (D:6)
  8 kobolds
  A quokka skeleton (D:7)
  A quokka zombie (D:7)
  3 rats
142 creatures vanquished.

Notes
Turn   | Place    | Note
-------+----------+-------------------------------------------
     0 | D:1      | Metae the Minotaur Fighter began the quest for the Orb.
     0 | D:1      | Reached XP level 1. HP: 19/19 MP: 0/0
    36 | D:1      | Reached skill level 4 in Fighting
   112 | D:1      | Reached XP level 2. HP: 28/28 MP: 1/1
   668 | D:2      | Reached skill level 5 in Fighting
   668 | D:2      | Reached XP level 3. HP: 31/36 MP: 2/2
   851 | D:2      | Reached skill level 6 in Fighting
   851 | D:2      | Reached XP level 4. HP: 37/44 MP: 3/3
  1421 | D:3      | Found a shadowy altar of Dithmenos.
  1578 | D:3      | Noticed Grinder
  1607 | D:3      | Paralysed by Grinder for 6 turns
  1616 | D:3      | Paralysed by Grinder for 4 turns
  1620 | D:3      | Killed Grinder
  1620 | D:3      | Reached skill level 8 in Fighting
  1620 | D:3      | Reached XP level 5. HP: 24/56 MP: 4/4
  1620 | D:3      | Reached XP level 6. HP: 27/62 MP: 5/5
  1886 | D:3      | Found a white marble altar of Elyvilon.
  2541 | D:4      | Reached skill level 9 in Fighting
  2623 | D:4      | Found a stormy altar of Qazlal.
  2627 | D:4      | Noticed an air elemental
  2633 | D:4      | Noticed a water elemental
  2637 | D:4      | Noticed a fire elemental
  3412 | D:4      | Became a worshipper of Qazlal Stormbringer
  3450 | D:5      | Entered Level 5 of the Dungeon
  3531 | D:5      | Noticed a sky beast
  3549 | D:5      | Killed a sky beast
  3549 | D:5      | Reached XP level 7. HP: 26/71 MP: 6/6
  3561 | D:5      | Reached skill level 10 in Fighting
  3819 | D:5      | Reached skill level 1 in Invocations
  4322 | D:5      | Noticed Edmund
  4357 | D:5      | Killed Edmund
  4357 | D:5      | Reached XP level 8. HP: 56/81 MP: 7/9
  4369 | D:5      | Found Zagin Diut's Lightly-Used Armoury.
  4666 | D:5      | Reached skill level 11 in Fighting
  5257 | D:6      | Reached * piety under Qazlal
  5426 | D:5      | Reached skill level 5 in Invocations
  5950 | D:6      | Found a snail-covered altar of Cheibriados.
  6121 | D:6      | Found a staircase to the Ecumenical Temple.
  6797 | D:7      | Reached skill level 1 in Maces & Flails
  7004 | D:7      | Noticed a hippogriff
  7021 | D:7      | Killed a hippogriff
  7021 | D:7      | Reached skill level 1 in Evocations
  7021 | D:7      | Reached XP level 9. HP: 39/90 MP: 12/12
  7700 | D:7      | Noticed a manticore
  7723 | D:7      | Killed a manticore
  7727 | D:7      | Found a shimmering blue altar of Sif Muna.
  8010 | D:7      | Reached skill level 5 in Maces & Flails
  8246 | D:8      | Noticed a two-headed ogre
  8263 | D:8      | HP: 1/90 [two-headed ogre/+0 dire flail of holy wrath (26)]
  8264 | D:8      | Annihilated by a two-headed ogre

Levels and vault maps discovered:
D:1:      minmay_arrival_plants_in_alcoves, layout_rooms
D:2:      layout_rooms
D:3:      minmay_evil_eye, layout_basic, elyvilon_altar_3, old_standard_altar,
          uniq_grinder
D:4:      layout_basic, nicolae_qazlal_style_of_elements, first_ration
D:5:      layout_loops_cross, minmay_shop_damaged, uniq_edmund
D:6:      layout_cave_pods, nicolae_overflow_hidden_temple, temple_fountains,
          minmay_misc_feat_columns, minmay_manual_mess
D:7:      layout_loops_cross, nicolae_overflow_crystal_walls
D:8:      layout_cave_pools, lemuel_round_altar, nicolae_ru_awakened_eye,
          gammafunk_ghost_wrathful_warriors, hangedman_little_slice_of_home

Skill      XL: |  1  2  3  4  5  6  7  8  9 |
---------------+----------------------------+-----
Fighting       | 4 5 6 8 9 10 11 | 11.9
Invocations    | 3 5 6 |  6.8
Maces & Flails | 2 5 |  5.0
Evocations     | 1 3 |  3.3
Polearms       | |  2.4
Armour         | |  3.6
Shields        | |  3.6

Action                   |  1- 3 |  4- 6 |  7- 9 || total
-------------------------+-------+-------+-------++-------
Melee: Trident           |    94 |    96 |    80 ||   270
       Headbutt          |    14 |    19 |    45 ||    78
       Flail             |       |       |   164 ||   164
 Fire: Hunting sling     |       |    44 |    50 ||    94
Evoke: Wand              |       |       |     1 ||     1
  Use: Scroll            |     1 |     1 |    16 ||    18
       Potion            |       |       |     4 ||     4
  Eat: Ration            |       |     3 |     3 ||     6
       Chunk             |       |     1 |     3 ||     4
Armor: Scale mail        |    27 |    10 |       ||    37
       Chain mail        |       |    35 |   165 ||   200
Dodge: Dodged            |    17 |    26 |    65 ||   108
Block: Shield            |    37 |    36 |   183 ||   256
